 Dungeon Crawl Stone Soup version 0.29-a0-352-g0917bc69df (webtiles) character file.

Game seed: 3824730665080807862

334 Lekart the Slasher (level 6, -3/53 HPs)
             Began as a Draconian Chaos Knight on Apr 24, 2022.
             Was a Plaything of Xom.
             Slain by an orc
             ... wielding a +0 war axe
              (5 damage)
             ... on level 3 of the Dungeon.
             The game lasted 00:04:00 (2585 turns).

Lekart the Slasher (Draconian Chaos Knight)         Turns: 2585, Time: 00:04:01

Health: -3/53      AC:  7    Str: 15    XL:     6   Next: 27%
Magic:  9/9        EV: 12    Int: 12    God:    Xom [.....*]
Gold:   126        SH:  0    Dex: 12    Spells: 9/9 levels left

rFire   + . .      SeeInvis .   a - +0 falchion (chaos)
rCold   . . .      Faith    .   (no shield)
rNeg    . . .      Spirit   .   (body armour unavailable)
rPois   .          Reflect  .   (helmet restricted)
rElec   .          Harm     .   (no cloak)
rCorr   .          Rampage  .   f - +0 pair of gloves
Will    .....                   (no boots)
Stlth   +.........              (no amulet)
HPRegen 0.17/turn               j - ring of flight
MPRegen 0.11/turn               l - ring of protection from fire

@: flying
A: AC +6, unfitting armour, cold-blooded
a: Renounce Religion


You were on level 3 of the Dungeon.
You worshipped Xom.
You were Xom's teddy bear.
You visited 1 branch of the dungeon, and saw 3 of its levels.

You collected 126 gold pieces.

Inventory:

Hand Weapons
 a - a +0 falchion of chaos (weapon)
 e - a +3 short sword
Armour
 f - a +0 pair of gloves (worn)
Jewellery
 j - a ring of flight (left hand)
 l - a ring of protection from fire (right hand)
Wands
 d - a wand of digging (6)
Scrolls
 c - a scroll of identify
 g - a scroll of silence
 m - a scroll of teleportation {unknown}
Potions
 h - a potion of might
 i - a potion of degeneration {unknown}
 k - a potion of heal wounds {unknown}
 n - a potion of mutation {unknown}
Miscellaneous
 b - a piece from Xom's chessboard (15/15) (quivered)


   Skills:
 + Level 4.5 Fighting
 + Level 5.1 Long Blades
 + Level 3.0 Dodging
 * Level 2.3 Spellcasting
 + Level 0.2 Evocations


You had 9 spell levels left.
You didn't know any spells.
Your spell library contained the following spells:

 Spells                   Type           Power      Damage    Failure   Level
 Call Canine Familiar     Summ           1%         N/A       61%         3
 Portal Projectile        Hex/Tloc       2%         N/A       61%         3
 Leda's Liquefaction      Hex/Erth       0%         N/A       95%         4


Dungeon Overview and Level Annotations

Branches:
Dungeon (3/15)

Altars:


Innate Abilities, Weirdness & Mutations

Your plain brown scales are hard. (AC +6)
You cannot fit into any form of body armour.
You are cold-blooded and may be slowed by cold attacks.


Message History

You are too injured to fight recklessly!
The orc wizard attacks as you move away!
The orc wizard hits you with a +0 dagger.
The orc attacks as you move away! The orc barely misses you.
You see here 12 gold pieces.
The orc hits you but does no damage. The orc attacks as you move away!
The orc misses you.
Things that are here:
a +0 club; a goblin corpse The orc attacks as you move away!
The orc barely misses you.
You hit the orc.
The orc is lightly wounded.
The orc wizard gestures at you while chanting.
You are confused.
The orc attacks as you move away! The orc hits you with a +0 war axe.
The orc attacks as you move away! The orc hits you with a +0 war axe.
You kill the orc wizard!
The orc closely misses you.
You hit the orc.
The orc is heavily wounded.
The orc closely misses you.
You bump into the rock wall.
You feel less confused. The orc hits you with a +0 war axe.
* * * LOW HITPOINT WARNING * * *
You barely miss the orc.
The orc is heavily wounded.
The orc hits you with a +0 war axe!
* * * LOW HITPOINT WARNING * * *
The orc barely misses you.
There is a stone staircase leading down here.
The orc attacks as you move away! The orc hits you with a +0 war axe.
* * * LOW HITPOINT WARNING * * *
Okay, then.
The orc attacks as you move away! The orc hits you but does no damage.
The orc attacks as you move away! The orc misses you.
The orc attacks as you move away! The orc closely misses you.
The orc barely misses you. The orc attacks as you move away!
The orc hits you with a +0 war axe.
You die...

...†......).........
.......o.##...#.###
.........###).#
####.....# #..#
.......## #..#######
######.####........#
........>o.....#
##.######.o....# #.#
#.o@...# ####'###
#<# ###


You could see 3 orcs.

Vanquished Creatures
  Sigmund (D:2)
  Terence (D:2)
  An orc wizard (D:3)
  Robin (D:2)
  3 adders (D:2)
  A worm (D:2)
  3 dart slugs
  5 endoplasms (D:1)
  3 giant cockroaches
  13 goblins
  11 hobgoblins
  2 jackals (D:2)
  7 kobolds
  A quokka (D:2)
  7 ball pythons
  6 bats
  2 frilled lizards
  2 rats
70 creatures vanquished.

Vanquished Creatures (others)
  A kobold (D:2)
  2 plants (D:2)
3 creatures vanquished.

Grand Total: 73 creatures vanquished

Notes
Turn   | Place    | Note
-------+----------+-------------------------------------------
     0 | D:1      | Lekart the Draconian Chaos Knight began the quest for the
                  | Orb.
     0 | D:1      | Reached XP level 1. HP: 19/19 MP: 1/1
   192 | D:1      | Reached XP level 2. HP: 26/26 MP: 3/3
   230 | D:1      | XOM: silly message
   384 | D:1      | XOM: 2-stop teleportation journey
   398 | D:1      | Reached skill level 1 in Spellcasting
   634 | D:1      | Reached XP level 3. HP: 33/33 MP: 4/4
  1014 | D:2      | Noticed Sigmund
  1015 | D:2      | XOM: cast spell 'Statue Form'
  1030 | D:2      | Killed Sigmund
  1031 | D:2      | Reached skill level 4 in Long Blades
  1031 | D:2      | Reached XP level 4. HP: 32/40 MP: 4/7
  1031 | D:2      | Reached XP level 5. HP: 37/46 MP: 4/8
  1231 | D:2      | Noticed Robin
  1238 | D:2      | Killed Robin
  1796 | D:2      | XOM: silly message
  1866 | D:2      | Reached XP level 6. HP: 50/53 MP: 9/9
  1945 | D:2      | Noticed Terence
  1976 | D:1      | Reached skill level 5 in Long Blades
  2028 | D:2      | Killed Terence
  2335 | D:2      | XOM: destruction
  2582 | D:3      | HP: 1/53 [orc/+0 war axe (3)]
  2585 | D:3      | Slain by an orc

Illustrated notes

Levels and vault maps discovered:
D:1:      minmay_arrival_three_doors, layout_loops_ring
D:2:      minmay_chambers_of_twos, layout_loops_ring, serial_forest,
          infiniplex_forest_straight_2, infiniplex_forest_straight_3,
          infiniplex_forest_3_way, infiniplex_forest_lined_2,
          infiniplex_forest_zigzag_2, infiniplex_forest_straight_2,
          infiniplex_forest_corner_1, uniq_terence, uniq_robin, uniq_sigmund
D:3:      layout_basic, nemelex_dance_club_becter,
          nicolae_overflow_crystal_walls,
          mainiacjoe_overflow_concentric_impassable, uniq_ijyb,
          uniq_crazy_yiuf_cottage, uniq_jessica

Skill      XL: |  1  2  3  4  5  6 |
---------------+-------------------+-----
Spellcasting   | 1 2 |  2.3
Fighting       | 4 |  4.5
Long Blades    | 4 5 |  5.1
Dodging        | 3 |  3.0
Evocations     | |  0.2

Action                   |  1- 3 |  4- 6 || total
-------------------------+-------+-------++-------
Melee: Falchion          |    72 |   128 ||   200
       Tailslap          |     6 |    10 ||    16
       Punch             |     2 |       ||     2
Evoke: Piece from Xom's  |     2 |       ||     2
  Use: Scroll            |     3 |       ||     3
       Potion            |       |     2 ||     2
 Stab: Distracted        |     1 |       ||     1
       Petrified         |     2 |       ||     2
Armor: Skin              |    20 |    77 ||    97
Dodge: Dodged            |    39 |   112 ||   151

Table legend: (Time is in decaauts)
 A = Elapsed time spent in this place.
 B = Non-inter-level travel time spent in this place.
 C = Inter-level travel time spent in this place.
 D = Time resting spent in this place.
 E = Time spent auto-exploring this place.
 F = Levels seen in this place.
 G = Mean time per level.
                   A        B        C        D        E       F      G
               +--------+--------+--------+--------+--------+-----+--------+
         Total |   2614 |   2525 |     89 |    299 |   1704 |   3 |  871.3 |
       Dungeon |   2614 |   2525 |     89 |    299 |   1704 |   3 |  871.3 |
               +--------+--------+--------+--------+--------+-----+--------+

Top non-repeatable levels by time:
     D:2: 1508 daAuts
     D:1: 1045 daAuts
     D:3: 59 daAuts
